 Dungeon Crawl Stone Soup version 0.29.1-1-gd02db6906a (webtiles) character file.

Game seed: 175963759532209793

33532 nshep25 the Severer (level 13, 0/125 HPs)
             Began as a Minotaur Fighter on Oct 12, 2022.
             Was an Elder of the Shining One.
             Slain by a freezing wraith (6 damage)
             ... led by a death knight
             ... on level 14 of the Dungeon.
             The game lasted 00:53:32 (17188 turns).

nshep25 the Severer (Minotaur Fighter)             Turns: 17188, Time: 00:53:33

Health: 0/125      AC: 21    Str: 25    XL:     13   Next: 37%
Magic:  12/12      EV:  9    Int:  5    God:    the Shining One [****..]
Gold:   477        SH: 14    Dex: 11    Spells: 12/12 levels left

rFire   . . .      SeeInvis .   a - +0 broad axe
rCold   + . .      Faith    .   s - +3 kite shield
rNeg    + + .      Spirit   .   E - +0 chain mail
rPois   .          Reflect  .   (helmet restricted)
rElec   .          Harm     .   O - +0 cloak
rCorr   .          Rampage  .   F - +2 pair of gloves {Stlth+}
Will    .....                   (no boots)
Stlth   ..........              (no amulet)
HPRegen 0.30/turn               H - +4 ring of protection
MPRegen 0.13/turn               z - ring of protection from cold

@: glowing, studying Fighting
A: horns 2, retaliatory headbutt, subdued magic 1
a: Renounce Religion, Divine Shield, Cleansing Flame


You were on level 14 of the Dungeon.
You worshipped the Shining One.
The Shining One was greatly pleased with you.
You visited 2 branches of the dungeon, and saw 15 of its levels.

You collected 704 gold pieces.
You spent 227 gold pieces at shops.

Inventory:

Hand Weapons
 a - a +0 broad axe (weapon)
 e - a +4 battleaxe of venom
Missiles
 c - 4 javelins
 h - 3 curare-tipped darts
 m - 39 poisoned darts
 q - 4 atropa-tipped darts
 w - 6 boomerangs (quivered)
Armour
 s - a +3 kite shield (worn)
 E - a +0 chain mail (worn)
 F - a +2 pair of gloves of stealth (worn)
 O - a +0 cloak (worn)
Jewellery
 y - a ring of magical power
 z - a ring of protection from cold (right hand)
 A - a +4 ring of protection
 H - a +4 ring of protection (left hand)
 M - a ring of positive energy
Wands
 l - a wand of flame (44)
 r - a wand of roots (8)
 D - a wand of digging (7)
 L - a wand of light (4)
Scrolls
 i - a scroll of poison
 n - a scroll of blinking
 o - 3 scrolls of amnesia
 t - a scroll of magic mapping
 v - a scroll of enchant weapon
 x - 2 scrolls of fear
 G - a scroll of silence
 I - 8 scrolls of identify
 P - a scroll of teleportation
Potions
 d - 2 potions of might
 f - a potion of brilliance
 g - a potion of curing
 k - a potion of resistance
 u - 3 potions of haste
 B - 2 potions of flight
 C - 2 potions of magic
 N - 3 potions of berserk rage
Miscellaneous
 K - a phantom mirror


   Skills:
 + Level 14.5 Fighting
 + Level 17.7 Axes
 + Level 0.9(11.6) Maces & Flails
 + Level 13.1 Armour
 + Level 5.4 Dodging
 + Level 2.1 Stealth
 + Level 10.6 Shields


You had 12 spell levels left.
You didn't know any spells.
Your spell library contained the following spells:

 Spells                   Type           Power      Damage    Failure   Level
 Sting                    Tmut/Pois      0%         1d3       99%         1
 Poisonous Vapours        Pois/Air       0%         N/A       100%        2
 Gell's Gravitas          Tloc           0%         N/A       100%        3
 Inner Flame              Hex/Fire       0%         N/A       100%        3
 Lesser Beckoning         Tloc           0%         N/A       100%        3
 Teleport Other           Tloc           0%         N/A       100%        3
 Tukima's Dance           Hex            0%         N/A       100%        3
 Cause Fear               Hex            0%         N/A       100%        4
 Corpse Rot               Necr/Pois/Air  0%         N/A       100%        4
 Olgreb's Toxic Radiance  Pois           0%         N/A       100%        4
 Passage of Golubria      Tloc           0%         N/A       100%        4
 Blade Hands              Tmut           0%         N/A       100%        5
 Irradiate                Conj/Tmut      0%         3d11      100%        5
 Yara's Violent Unravell  Hex/Tmut       0%         3d3       100%        5
 Dragon Form              Tmut           0%         N/A       100%        7
 Discord                  Hex            0%         N/A       100%        8


Dungeon Overview and Level Annotations

Branches:
Dungeon (14/15)            Temple (1/1) D:7            Lair (0/5) D:8
    Orc (0/2) D:11         Vaults (0/5) D:14

Altars:
Ashenzari
Cheibriados
Dithmenos
Elyvilon
Fedhas
Gozag
Hepliaklqana
Kikubaaqudgha
Makhleb
Nemelex Xobeh
Okawaru
Qazlal
Ru
Sif Muna
Trog
Uskayaw
Vehumet
Wu Jian
Xom
Yredelemnul
Zin
The Shining One

Shops:
D:6 **   D:10 =   D:13 *

Annotations:
D:13 1 runed translucent door, Zeld's ghost, journeyman MiBe


Innate Abilities, Weirdness & Mutations

You have a pair of horns on your head.
You reflexively headbutt those who attack you in melee.
Your spells are a little easier to cast, but a little less powerful.


Message History

The skeletal warrior is moderately damaged.
You block the skeletal warrior's attack.
You slash the skeletal warrior! You headbutt the skeletal warrior!
The skeletal warrior is severely damaged.
You barely miss the skeletal warrior.
You headbutt the skeletal warrior, but do no damage.
The skeletal warrior is severely damaged.
The skeletal warrior hits you with a +0 scimitar!
* * * LOW HITPOINT WARNING * * *
You slash the skeletal warrior! You headbutt the skeletal warrior.
You destroy the skeletal warrior!
The Shining One accepts your kill.
You feel better.
You barely miss the freezing wraith. You slash the wraith!
You headbutt the wraith.
The wraith is moderately damaged.
You hit the freezing wraith but do no damage.
The wraith barely misses you. You block the freezing wraith's attack.
The freezing wraith hits you but does no damage.
You hit the wraith but do no damage.
The wraith is moderately damaged.
You barely miss the freezing wraith. The freezing wraith hits you.
* * * LOW HITPOINT WARNING * * *
The freezing wraith freezes you!
* * * LOW HITPOINT WARNING * * *
You block the freezing wraith's attack. You block the wraith's attack.
You feel better. You block the wraith's attack.
The freezing wraith hits you but does no damage.
You block the freezing wraith's attack.
You remove your +4 ring of protection.
z - a ring of protection from cold (right hand)
The freezing wraith hits you.
* * * LOW HITPOINT WARNING * * *
The freezing wraith freezes you. You resist.
* * * LOW HITPOINT WARNING * * *
You block the freezing wraith's attack. The wraith hits you but does no damage.
You feel better. The freezing wraith hits you!
* * * LOW HITPOINT WARNING * * *
The freezing wraith freezes you. You resist.
You die...

##'##########
#...........#
#...†.......#
#...........####.+
#...........'....#
#...........######
########'####
######..#
#W@.[..## #W######
#......Wp.
#.........
#.>....>..
#......z..
..........
#.........
##########


You could see a freezing wraith and a wraith.

Vanquished Creatures
  Josephine (D:12)
  A boulder beetle (D:14)
  An ogre mage (D:14)
  A death knight (D:14)
  2 centaur warriors
  6 two-headed ogres
  3 death yaks
  Urug (D:14)
  9 skeletal warriors
  A deep elf pyromancer (D:14)
  3 manticores
  An ugly thing (D:13)
  A phantasmal warrior (D:14)
  4 cyclopes
  Maurice (D:12)
  Joseph (D:9)
  3 gargoyles
  3 kobold demonologists (D:11)
  A hornet (D:11)
  A troll (D:13)
  A shadow (D:12)
  A culicivora (shapeshifter) (D:14)
  4 wraiths (D:12)
  16 humans (D:14)
  24 yaks
  2 steam dragons
  7 vampire mosquitoes (D:11)
  Menkaure (D:6)
  A warg (D:11)
  An acid dragon (D:9)
  Duvessa (D:7)
  9 orc warriors
  A black bear (D:6)
  A sky beast (D:6)
  3 ice beasts
  5 ogres
  4 centaurs
  5 kobold brigands
  A gnoll sergeant (D:10)
  3 bullfrogs
  2 scorpions (D:5)
  4 necrophages
  Dowan (D:7)
  22 killer bees
  5 howler monkeys
  5 orc priests
  6 hounds
  3 iguanas
  5 orc wizards
  6 gnolls
  9 adders
  2 white imps
  An ufetubus (D:6)
  5 dart slugs
  32 orcs
  9 ball pythons
  5 bats (D:1)
  4 bat zombies (D:10)
  5 endoplasms
  3 giant cockroaches
  9 goblins
  8 hobgoblins
  5 quokkas
  2 frilled lizards
  30 kobolds
  4 rats
  2 rat zombies (D:10)
330 creatures vanquished.

Vanquished Creatures (others)
  26 plants
26 creatures vanquished.

Grand Total: 356 creatures vanquished

Notes
Turn   | Place    | Note
-------+----------+-------------------------------------------
     0 | D:1      | nshep25 the Minotaur Fighter began the quest for the Orb.
     0 | D:1      | Reached XP level 1. HP: 19/19 MP: 0/0
   109 | D:1      | Reached XP level 2. HP: 27/27 MP: 1/1
   601 | D:1      | Reached XP level 3. HP: 33/33 MP: 2/2
   911 | D:2      | Reached skill level 3 in Axes
  1475 | D:3      | Reached XP level 4. HP: 36/40 MP: 3/3
  1551 | D:3      | Reached skill level 1 in Dodging
  1563 | D:3      | Found a snail-covered altar of Cheibriados.
  1665 | D:3      | Reached skill level 4 in Axes
  1960 | D:3      | Found a bloodstained altar of Trog.
  2224 | D:4      | Reached XP level 5. HP: 46/47 MP: 4/4
  2265 | D:4      | Noticed an ogre
  2271 | D:4      | Killed an ogre
  2272 | D:4      | Reached skill level 5 in Armour
  2683 | D:4      | Reached XP level 6. HP: 51/55 MP: 5/5
  2725 | D:4      | Reached skill level 5 in Axes
  2731 | D:4      | Reached skill level 5 in Fighting
  3172 | D:4      | Reached XP level 7. HP: 61/61 MP: 6/6
  3246 | D:4      | Noticed a steam dragon
  3349 | D:4      | Killed a steam dragon
  3350 | D:4      | Reached skill level 6 in Axes
  3647 | D:4      | Identified the +8 mace of the Messenger {venom, Contam rC+
                  | rCorr SInv}
  4079 | D:5      | Entered Level 5 of the Dungeon
  4737 | D:5      | Found a hazy altar of Hepliaklqana.
  4737 | D:5      | Found a glowing golden altar of the Shining One.
  4782 | D:5      | Became a worshipper of the Shining One
  5094 | D:6      | Found Zeyg's Assorted Antiques.
  5104 | D:6      | Bought a scroll labelled NOAMUE MAJEHU for 28 gold pieces
  5104 | D:6      | Bought a scroll labelled UXKOBR GUTOKH for 28 gold pieces
  5104 | D:6      | Bought a fuming yellow potion for 25 gold pieces
  5104 | D:6      | Bought 3 scrolls labelled ECLYON AGOA for 84 gold pieces
  5184 | D:6      | Reached XP level 8. HP: 38/70 MP: 7/7
  5346 | D:6      | Gained mutation: Your spells are a little easier to cast,
                  | but a little less powerful. [mutagenic glow]
  5364 | D:6      | Reached skill level 1 in Stealth
  5448 | D:6      | Reached skill level 7 in Axes
  5448 | D:6      | Reached skill level 5 in Shields
  5635 | D:6      | Found a sparkling altar of Nemelex Xobeh.
  5668 | D:6      | Found Hyefob's Assorted Antiques.
  5671 | D:6      | Bought a scroll labelled ECLYON AGOA for 31 gold pieces
  5671 | D:6      | Bought a scroll labelled ECLYON AGOA for 31 gold pieces
  6081 | D:6      | Noticed Menkaure
  6082 | D:6      | Found a broken altar of Ashenzari.
  6087 | D:6      | Killed Menkaure
  6154 | D:6      | Reached skill level 8 in Axes
  6341 | D:7      | Noticed Dowan
  6342 | D:7      | Noticed Duvessa
  6352 | D:6      | Reached XP level 9. HP: 77/78 MP: 8/8
  6503 | D:7      | Reached skill level 9 in Axes
  6825 | D:7      | Found a staircase to the Ecumenical Temple.
  6841 | D:7      | Killed Duvessa
  6843 | D:7      | Killed Dowan
  6844 | D:7      | Reached skill level 10 in Axes
  6869 | Temple   | Entered the Ecumenical Temple
  7876 | D:8      | Noticed a death yak
  7965 | D:8      | Noticed a death yak
  7970 | D:8      | Noticed a death yak
  7975 | D:8      | Killed a death yak
  7976 | D:8      | Reached skill level 11 in Axes
  7976 | D:8      | Reached XP level 10. HP: 19/90 MP: 9/9
  7977 | D:8      | Killed a death yak
  8270 | D:7      | Killed a death yak
  8660 | D:8      | Found an opulent altar of Gozag.
  8660 | D:8      | Found a glowing silver altar of Zin.
  8705 | D:8      | Reached skill level 12 in Axes
  9037 | D:8      | Found a staircase to the Lair.
  9052 | D:8      | Found a shadowy altar of Dithmenos.
  9543 | D:9      | Noticed Joseph
  9543 | D:9      | Reached * piety under the Shining One
  9572 | D:9      | Killed Joseph
  9938 | D:9      | Reached skill level 10 in Armour
  9946 | D:9      | Reached skill level 13 in Axes
 10236 | D:9      | Noticed a two-headed ogre
 10253 | D:9      | Killed a two-headed ogre
 10254 | D:9      | Reached XP level 11. HP: 67/99 MP: 10/10
 10680 | D:10     | Entered Level 10 of the Dungeon
 10758 | D:10     | Found a white marble altar of Elyvilon.
 10909 | D:10     | Found an iron altar of Okawaru.
 11189 | D:10     | Found a burning altar of Makhleb.
 11242 | D:10     | Found an ancient bone altar of Kikubaaqudgha.
 11595 | D:10     | Reached ** piety under the Shining One
 11609 | D:10     | Reached skill level 10 in Fighting
 11658 | D:10     | Found Aceyce's Jewellery Shoppe.
 11935 | D:10     | Identified a scroll of acquirement
 11936 | D:10     | Acquired a manual of Fighting
 12026 | D:11     | Noticed a two-headed ogre
 12400 | D:11     | Reached skill level 14 in Axes
 12561 | D:11     | Reached *** piety under the Shining One
 12585 | D:11     | Reached skill level 15 in Axes
 12845 | D:11     | Found a staircase to the Orcish Mines.
 12890 | D:11     | Killed a two-headed ogre
 12919 | D:11     | HP: 5/101 [gargoyle/+0 mace (4)]
 13500 | D:11     | Noticed a two-headed ogre
 13506 | D:11     | Killed a two-headed ogre
 13570 | D:11     | Reached XP level 12. HP: 110/110 MP: 11/11
 13761 | D:12     | Found an ornate altar of the Wu Jian Council.
 14167 | D:12     | Noticed Maurice
 14176 | D:12     | Killed Maurice
 14476 | D:12     | Reached skill level 16 in Axes
 14947 | D:12     | Noticed Josephine
 14954 | D:12     | Killed Josephine
 14964 | D:12     | Noticed a two-headed ogre
 14968 | D:12     | Killed a two-headed ogre
 15279 | D:13     | Found a runed translucent door.
 15364 | D:13     | Reached **** piety under the Shining One
 15535 | D:13     | Noticed a two-headed ogre
 15542 | D:13     | Killed a two-headed ogre
 15550 | D:13     | Reached skill level 5 in Dodging
 15550 | D:13     | Noticed a centaur warrior
 15572 | D:13     | Killed a centaur warrior
 15739 | D:13     | Found Fotsoxkamu's Gadget Gallery.
 15774 | D:13     | Noticed Zeld's ghost (journeyman MiBe)
 16232 | D:13     | Reached skill level 17 in Axes
 16663 | D:14     | Noticed an ogre mage
 16663 | D:14     | Noticed a two-headed ogre
 16663 | D:14     | Noticed Urug
 16663 | D:14     | Noticed a centaur warrior
 16663 | D:14     | Found a gate to the Vaults.
 16669 | D:14     | Killed a two-headed ogre
 16670 | D:14     | Reached skill level 10 in Shields
 16670 | D:14     | Reached XP level 13. HP: 54/123 MP: 12/12
 16673 | D:14     | Killed Urug
 17188 | D:14     | HP: 6/125 [freezing wraith[a death knight] (9)]
 17188 | D:14     | Slain by a freezing wraith

Illustrated notes

Levels and vault maps discovered:
D:1:      minmay_arrival_stair_chambers, layout_basic
D:2:      layout_rooms, kennysheep_boxes
D:3:      layout_rooms, nicolae_overflow_crystal_walls, kennysheep_slug_shrine,
          hangedman_decor_growths
D:4:      minmay_clustersquares, layout_gridville, chequers_jeans
D:5:      layout_basic, gammafunk_temple_overflow_elements, serial_bayou_pond_c
D:6:      layout_gridville, ashenzari_conservatory_becter,
          nemelex_diamond_rough_becter, serial_shops, nicolae_shop_crystal,
          nicolae_stop_n_shop_1, uniq_menkaure
D:7:      layout_cave_pools, minmay_temple_entry_arrows, uniq_duvessa
D:8:      layout_cave_pools, grunt_temple_overflow_gold_and_silver,
          overflow_temple_1_default, dpeg_lair_monsters
D:9:      layout_roguey, uniq_joseph
D:10:     layout_cave_pods, elyvilon_altar_1, overflow_temple_1_default,
          amcnicky_altar_gilded, lemuel_zombie_altar_kikubaaqudgha,
          serial_shops, nicolae_shop_stone
D:11:     minmay_general_purpose_star, layout_rooms, david_orc_1_choice
D:12:     layout_basic, serial_corexii_hall, corexii_hall_statues_t,
          corexii_hall_statues_l, chequers_serial_rivers_micro_d,
          nicolae_wu_jian_wuxing_cycle, uniq_josephine, uniq_maurice
D:13:     layout_rooms, ebering_ghost_reflecting_pool, minmay_misc_feat_pillars,
          nicolae_shop_gadgets
D:14:     layout_roguey, david_vaults_3, lemuel_coloured_pillars_altar
Temple:   compressed_dpeg_triangle_lava_temple

Skill      XL: |  1  2  3  4  5  6  7  8  9 10 11 12 13 |
---------------+----------------------------------------+-----
Fighting       | 4 5 6 8 9 11 13 14 | 14.5
Shields        | 4 5 6 7 8 10 | 10.6
Axes           | 3 4 5 6 8 11 13 15 17 | 17.7
Armour         | 4 5 6 7 8 9 10 11 12 13 | 13.1
Dodging        | 1 2 3 4 5 |  5.4
Stealth        | 1 2 |  2.1
Maces & Flails | |  0.9

Action                   |  1- 3 |  4- 6 |  7- 9 | 10-12 | 13-15 || total
-------------------------+-------+-------+-------+-------+-------++-------
Melee: War axe           |    86 |    86 |   169 |   344 |       ||   685
       Headbutt          |    11 |    17 |    41 |   170 |    23 ||   262
       Mace              |       |       |    23 |       |       ||    23
       Broad axe         |       |       |       |   203 |    72 ||   275
  Use: Scroll            |       |       |    15 |    17 |     1 ||    33
       Potion            |       |       |       |     2 |     4 ||     6
Armor: Scale mail        |    51 |    33 |    62 |       |       ||   146
       Chain mail        |       |       |    30 |   246 |    35 ||   311
Dodge: Dodged            |    49 |    35 |    79 |   150 |    19 ||   332
Block: Buckler           |    23 |    15 |     5 |       |       ||    43
       Kite shield       |       |       |    88 |   305 |    49 ||   442
